 Dungeon Crawl Stone Soup version 0.28.0-47-ge53b351184 (webtiles) character file.

Game seed: 5307616591242409370

492 101zpm the Magician (level 7, -5/46 HPs)
             Began as a Djinni Fire Elementalist on May 8, 2022.
             Slain by a scorpion (8 damage)
             ... in an ossuary.
             The game lasted 00:06:55 (6531 turns).

101zpm the Magician (Djinni Fire Elementalist)      Turns: 6531, Time: 00:06:56

Health: -5/46      AC:  2    Str:  7    XL:     7   Next: 37%
Gold:   118        EV: 12    Int: 18    God:
                   SH:  0    Dex: 14

rFire   + + .      SeeInvis .   (no weapon)
rCold   x . .      Faith    .   (no shield)
rNeg    . . .      Spirit   .   a - +0 robe
rPois   ∞          Reflect  .   (no helmet)
rElec   .          Harm     .   (no cloak)
rCorr   .          Rampage  .   (no gloves)
Will    .....                   (boots unavailable)
Stlth   ++........              (no amulet)
HPRegen 0.15/turn               (no ring)
MPRegen 0.00/turn               (no ring)

@: flying
A: sickness immunity, fire resistance 2, cold vulnerability 1, float, innate
caster, HP casting, extra vitality 1
a: no special abilities


You were in an ossuary.
You visited 2 branches of the dungeon, and saw 6 of its levels.
You also visited: Ossuary.

You collected 118 gold pieces.

Inventory:

Armour
 a - a +0 robe (worn)
Jewellery
 i - a ring of positive energy
Scrolls
 d - 6 scrolls of identify {unknown}
 f - 2 scrolls of teleportation {unknown}
 g - 2 scrolls of amnesia {unknown}
 h - a scroll of fog {unknown}
Potions
 b - 2 potions of heal wounds {unknown}
 c - a potion of resistance {unknown}
 e - 3 potions of degeneration {unknown}
 j - a potion of might {unknown}


   Skills:
 + Level 0.5 Fighting
 + Level 2.6 Dodging
 + Level 2.3 Stealth
 + Level 5.7 Spellcasting


You couldn't memorise any spells.
You knew the following spells:

 Your Spells              Type           Power      Damage    Failure   Level
a - Foxfire               Conj/Fire      100%       2x1d9     1%          1
b - Scorch                Fire           50%        2d7       1%          2
c - Conjure Flame         Conj/Fire      25%        6-21      3%          3
d - Inner Flame           Hex/Fire       25%        N/A       3%          3
e - Flame Wave            Conj/Fire      25%        2d7       12%         4
f - Sandblast             Erth           50%        2d12      1%          1
g - Searing Ray           Conj           50%        2d6       1%          2
h - Vampiric Draining     Necr           25%        2d7       3%          3
Your spell library was empty.

Dungeon Overview and Level Annotations

Branches:
Dungeon (5/15)             Temple (1/1) D:4         Ossuary (1/1)

Altars:
Cheibriados
Elyvilon
Gozag
Kikubaaqudgha
Nemelex Xobeh
Qazlal
Sif Muna
Wu Jian
Xom

Annotations:
D:3 1 runed translucent door, Crazy Yiuf


Innate Abilities, Weirdness & Mutations

You are immune to sickness and miasma.
You are immune to poison.
Your flesh is very heat resistant. (rF++)
You are vulnerable to cold. (rC-)
You float through the air rather than walking.
You learn spells naturally, not from books.
Your magical power is your life essence.
You have superior vitality. (+4 MHP)


Message History

The centaur zombie is moderately damaged.
The centaur zombie's fire resistance burns away.
The scorpion stings you.
Casting: Scorch (safe; 1% risk of failure)
Confirm with . or Enter, or press ? or * to list all spells.
You miscast Scorch.
You are very lightly contaminated with residual magic.
Nothing appears to happen.
* * * LOW HITPOINT WARNING * * *
The scorpion barely misses you. The centaur zombie barely misses you.
The centaur zombie kicks you but does no damage.
The scorpion stings you!
* * * LOW HITPOINT WARNING * * *
Casting: Foxfire (safe; 1% risk of failure)
Press: ? - help, Q - select action, (/) - cycle Dir - look around, f - activate You conjure some foxfire!
* * * LOW HITPOINT WARNING * * *
The scorpion is no longer more vulnerable to fire.
The centaur zombie closely misses you. The centaur zombie barely misses you.
The scorpion barely misses you. The centaur zombie misses you.
The centaur zombie kicks you but does no damage.
The foxfire hits the centaur zombie!
The centaur zombie is burned terribly!
The centaur zombie is heavily damaged.
The foxfire hits the scorpion but does no damage.
The scorpion is moderately wounded.
The centaur zombie is no longer more vulnerable to fire.
The centaur zombie completely misses you.
The centaur zombie kicks you but does no damage.
The scorpion stings you.
* * * LOW HITPOINT WARNING * * *
There is an open door here.
Your magical contamination has completely faded away.
There is an open door here.
The centaur zombie barely misses you. The centaur zombie kicks you.
* * * LOW HITPOINT WARNING * * *
There is an open door here.
There is an open door here.
The scorpion closely misses you. The scorpion stings you!
You die...

#####################
#.!!#...#...#...#...#
'!.Z#...'...8...#.∩.#
#?!M#...#.......#...#
######'###8...8###'##
#...#...#......Z#...#
#...8.Z.#...8..s@.∩.#
#.......#...#...#...#
##8...8##############
#.......#...#??!#
#...8...'...#?.?+
#...#...#...#!.?#
##########'#######+##
#.....#.....#
#.....#.....#


You could see a scorpion and a centaur zombie.

Vanquished Creatures
  Sigmund (D:4)
  An ogre (D:4)
  A scorpion (D:4)
  A centaur zombie (Ossuary)
  A hound (D:4)
  An orc wizard (D:3)
  2 adders (D:4)
  3 worms
  A dart slug (D:3)
  7 orcs
  6 endoplasms
  3 giant cockroaches
  6 goblins
  4 hobgoblins
  6 jackals
  6 kobolds
  5 quokkas
  4 ball pythons
  5 bats
  3 frilled lizards
  2 gnoll zombies (Ossuary)
  A goblin zombie (Ossuary)
  2 hobgoblin zombies (Ossuary)
  2 kobold zombies (Ossuary)
  2 orc zombies (Ossuary)
  3 rats
79 creatures vanquished.

Vanquished Creatures (others)
  528 foxfires
528 creatures vanquished.

Grand Total: 607 creatures vanquished

Notes
Turn   | Place    | Note
-------+----------+-------------------------------------------
     0 | D:1      | 101zpm the Djinni Fire Elementalist began the quest for the
                  | Orb.
     0 | D:1      | Reached XP level 1. HP: 15/15 MP: 0/0
   938 | D:2      | Reached XP level 2. HP: 16/21 MP: 0/0
  1935 | D:2      | Reached skill level 3 in Spellcasting
  1935 | D:2      | Reached XP level 3. HP: 17/25 MP: 0/0
  1935 | D:2      | Learned a level 1 spell: Sandblast
  3000 | D:3      | Reached XP level 4. HP: 6/31 MP: 0/0
  4106 | D:3      | Found a faded altar of an unknown god.
  4343 | D:3      | Found a runed translucent door.
  4344 | D:3      | Noticed Crazy Yiuf
  4574 | D:4      | Noticed Sigmund
  4580 | D:4      | Killed Sigmund
  4581 | D:4      | Reached skill level 4 in Spellcasting
  4581 | D:4      | Reached XP level 5. HP: 27/36 MP: 0/0
  4581 | D:4      | Learned a level 2 spell: Searing Ray
  4581 | D:4      | Reached XP level 6. HP: 31/41 MP: 0/0
  4777 | D:4      | Noticed an ogre
  4781 | D:4      | Killed an ogre
  4782 | D:4      | Reached skill level 5 in Spellcasting
  4868 | D:4      | Found a staircase to the Ecumenical Temple.
  5389 | D:4      | Reached XP level 7. HP: 36/46 MP: 0/0
  5389 | D:4      | Learned a level 3 spell: Vampiric Draining
  5885 | Temple   | Entered the Ecumenical Temple
  6205 | D:5      | Entered Level 5 of the Dungeon
  6218 | D:5      | Found a sand-covered staircase.
  6227 | Ossuary  | Entered an ossuary
  6512 | Ossuary  | HP: 1/46 [scorpion (5)]
  6531 | Ossuary  | Slain by a scorpion

Illustrated notes

Levels and vault maps discovered:
D:1:      lightli_arrival_statuegarden, layout_basic
D:2:      layout_loops_ring, minivault_4, kennysheep_path_1, minmay_3d_cube
D:3:      layout_rooms, hellmonk_ecumenical_altar_dog_temple,
          uniq_crazy_yiuf_cottage
D:4:      layout_basic, minmay_temple_entry_stoned_glass,
          minmay_misc_feat_encased, uniq_sigmund
D:5:      layout_rooms, bloody_trog, mainiacjoe_overflow_two_lobes,
          mainiacjoe_overflow_paths, enter_ossuary_1
Temple:   compressed_dpeg_triangle_lava_temple
Ossuary:  ossuary_minmay_scorpions

Skill      XL: |  1  2  3  4  5  6 |
---------------+-------------------+-----
Spellcasting   | 3 4 5 |  5.7
Stealth        | 2 |  2.3
Fighting       | |  0.5
Dodging        | |  2.6

Action                   |  1- 3 |  4- 6 |  7- 9 || total
-------------------------+-------+-------+-------++-------
Melee: Unarmed           |     6 |       |       ||     6
 Cast: Foxfire           |   133 |   158 |    66 ||   357
       Scorch            |     5 |     6 |     7 ||    18
Armor: Robe              |     3 |     2 |     5 ||    10
Dodge: Dodged            |    11 |     3 |    16 ||    30
